 Dungeon Crawl Stone Soup version 0.27.1-33-g824d729ab1 (webtiles) character file.

Game seed: 6492101712542621239

61 sking99 the Vexing (level 3, -2/15 HPs)
             Began as a Felid Enchanter on Dec 8, 2021.
             Slain by Terence (5 damage)
             ... on level 3 of the Dungeon.
             The game lasted 00:07:30 (3312 turns).

sking99 the Vexing (Felid Enchanter)                Turns: 3312, Time: 00:07:30

Health: -2/15      AC:  1    Str:  4    XL:     3   Next: 83%
Magic:  1/7        EV: 17    Int: 17    God:
Gold:   40         SH:  0    Dex: 16    Spells: 0/6 levels left
                                        Lives:  0   Deaths: 0

rFire    . . .     SeeInvis +     - Unarmed
rCold    . . .     Faith    .   (shield unavailable)
rNeg     . . .     Spirit   .   (armour unavailable)
rPois    .         Reflect  .   (helmet unavailable)
rElec    .         Harm     .   (cloak unavailable)
rCorr    .         Rampage  .   (gloves unavailable)
Will     .....                  (boots unavailable)
Stlth    +++.......             (no amulet)
HPRegen  0.05/turn              (no ring)
MPRegen  0.10/turn              (no ring)

@: quick
A: very small, claws 1, fangs 3, see invisible, speed 1, shaggy fur 1, stealthy
paws, no weapons or thrown items, no armour, multi-lived
a: no special abilities


You were on level 3 of the Dungeon.
You visited 1 branch of the dungeon, and saw 3 of its levels.

You collected 40 gold pieces.

Inventory:

Scrolls
 a - a scroll of enchant armour {unknown}
 b - 3 scrolls of teleportation {unknown}
 e - a scroll of amnesia {unknown}
 g - a scroll of identify {unknown}
Potions
 c - a potion of curing {unknown}
 d - a potion of resistance {unknown}
 f - a potion of heal wounds {unknown}
 h - a potion of might {unknown}


   Skills:
 - Level 1.0 Fighting
 - Level 2.7 Dodging
 + Level 5.0 Stealth
 + Level 1.4 Unarmed Combat
 + Level 2.1 Spellcasting
 - Level 5.0 Hexes
 + Level 1.1 Ice Magic


You couldn't memorise any spells.
You knew the following spells:

 Your Spells              Type           Power      Damage    Failure   Level
a - Corona                Hex            21%        N/A       2%          1
b - Ensorcelled Hibernat  Hex/Ice        24%        N/A       9%          2
c - Confusing Touch       Hex            19%        N/A       7%          3

Your spell library contained the following spells:

 Spells                   Type           Power      Damage    Failure   Level
 Tukima's Dance           Hex            19%        N/A       7%          3
 Dazzling Flash           Conj/Hex       20%        N/A       21%         3


Dungeon Overview and Level Annotations

Branches:
Dungeon (3/15)

Altars:

Annotations:
D:3 Terence


Innate Abilities, Weirdness & Mutations

You have sharp claws.
You have razor-sharp teeth.
You have supernaturally acute eyesight. (SInv)
You cover ground quickly. (Speed+)
You are covered in fur. (AC +1)
Your paws help you pounce on unaware monsters.
You are incapable of wielding weapons or throwing items.
You cannot wear armour.
You gain extra lives every three experience levels.


Message History

You miscast Ensorcelled Hibernation.
You are very lightly contaminated with residual magic.
Nothing appears to happen.
There is an open door here.
Your magical contamination has completely faded away.
You close the door.
You close the door.
Something unseen opens the door.
You close the door.
Something unseen opens the door.
You close the door.
Something unseen opens the door.
You close the door.
Something unseen opens the door.
You close the door.
Something unseen opens the door.
You close the door.
Something unseen opens the door.
You close the door.
Something unseen opens the door.
You close the door.
Something unseen opens the door.
You open the door.
There is an open door here.
There is an open door here.
Casting: Ensorcelled Hibernation (safe; 9% risk of failure)
Confirm with . or Enter, or press ? or * to list all spells.
Aiming: Ensorcelled Hibernation (safe; 9% risk of failure)
Press: ? - help, Shift-Dir - straight line, f/p - Terence
Aim: Terence, wielding a +0 flail and wearing a +0 scale mail (chance to affect: 51%) Terence looks drowsy...
The helpless Terence fails to defend himself.
You mangle Terence!!
Terence is almost dead.
Terence closely misses you.
You scratch Terence but do no damage.
Terence is almost dead.
Terence closely misses you.
You barely miss Terence.
Terence is almost dead.
Terence hits you with a +0 flail!
Ouch! That really hurt!
* * * LOW HITPOINT WARNING * * *
You scratch Terence but do no damage.
Terence is almost dead.
Terence hits you with a +0 flail.
You die...

...######.#
........#.#
........#.####
.............#
.............#
#..........#
#..........#
#.....#'#### #....@#@#
####....#@#
#..'....'.#
####....#############
#.................#.#
#...................#
#################.#.##
#................# #
####.#########.#...#


You could see Terence.

Vanquished Creatures
  An adder (D:2)
  A worm (D:2)
  3 dart slugs (D:1)
  4 endoplasms
  A giant cockroach (D:1)
  4 goblins
  6 hobgoblins
  5 kobolds
  2 quokkas (D:1)
  4 ball pythons
  3 bats
  3 frilled lizards (D:1)
  3 rats
40 creatures vanquished.

Notes
Turn   | Place    | Note
-------+----------+-------------------------------------------
     0 | D:1      | sking99 the Felid Enchanter began the quest for the Orb.
     0 | D:1      | Reached XP level 1. HP: 7/7 MP: 4/4
   561 | D:1      | Reached XP level 2. HP: 12/12 MP: 6/6
   749 | D:1      | Learned a level 2 spell: Ensorcelled Hibernation
   788 | D:1      | Reached skill level 1 in Fighting
   957 | D:1      | Found a faded altar of an unknown god.
  1515 | D:1      | Reached XP level 3. HP: 10/15 MP: 4/7
  2598 | D:2      | Learned a level 3 spell: Confusing Touch
  2815 | D:2      | Reached skill level 1 in Ice Magic
  3025 | D:2      | Reached skill level 5 in Hexes
  3032 | D:2      | Reached skill level 5 in Stealth
  3252 | D:3      | Noticed Terence
  3312 | D:3      | Slain by Terence

Illustrated notes

Levels and vault maps discovered:
D:1:      co_arrival_square_in_a_square_in_a_square, layout_basic,
          ebering_ecumenical_altar_hall
D:2:      layout_basic, minmay_misc_feat_four_crosses
D:3:      layout_basic, kennysheep_small_spiral, chequers_serial_rivers_micro_e,
          grunt_ministairs_9, kennysheep_orc_chapel, uniq_terence

Skill      XL: |  1  2  3 |
---------------+----------+-----
Fighting       | 1 |  1.0
Ice Magic      | 1 |  1.1
Hexes          | 5 |  5.0
Stealth        | 5 |  5.0
Dodging        | |  2.7
Unarmed Combat | |  1.4
Spellcasting   | |  2.1

Action                   || total
-------------------------++-------
Melee: Unarmed           ||   108
       Bite              ||     3
 Cast: Corona            ||     3
       Ensorcelled Hiber ||    30
 Stab: Sleeping          ||    28
Armor: Skin              ||     7
Dodge: Dodged            ||    91
